 Dungeon Crawl Stone Soup version 0.25.1-2-g60ff931df9 (webtiles) character file.

Game seed: 8516011989038440755

937900 DogServant the Merry Centaur (level 27, 0/409 HPs)
             Began as a Centaur Hunter on Oct 15, 2020.
             Was a High Priest of the Shining One.
             Slain by a tentacled monstrosity (2 damage)
             ... summoned by Mnoleg
             ... in Pandemonium on Oct 16, 2020.
             The game lasted 05:40:38 (128358 turns).

DogServant the Merry Centaur (Centaur Hunter)     Turns: 128358, Time: 05:40:40

Health: 0/409      AC: 36    Str: 29      XL:     27
Magic:  12/32      EV: -2    Int:  9 (12) God:    the Shining One [*****.]
Gold:   1287       SH: 34    Dex: 13      Spells: 8/26 levels left

rFire    + . .     SeeInvis .   o - +10 zealot's sword {holy, *Rage rN+ EV+3}
rCold    . . .     Gourm    .   K - +2 kite shield {AC+3}
rNeg     + + +     Faith    .   (armour currently unavailable)
rPois    +         Spirit   .   (helmet currently unavailable)
rElec    +         Reflect  +   (cloak currently unavailable)
rCorr    +         Harm     .   (gloves currently unavailable)
MR       +++..     Rnd*Rage +   (no barding) Stlth +.........NoTele +
                                Y - amulet of Dithmenos's Respect {Reflect rElec Str+3 Int+2 SH+5}
HPRegen  0.78/turn              X - ring of the Sneaky Knives {rC+ rCorr Str+6}
MPRegen  0.23/turn              s - ring "Orodihus" {Fire MR+ Str+3}

@: mighty, divine shield, tree-form, berserk cooldown, glowing, constricted
A: large, berserk 2, blurry vision 3, clumsy 2, low mp 1, weak 2, subdued magic
3, MP-powered wands
}: 7/15 runes: decaying, serpentine, slimy, silver, abyssal, magical, fiery
a: Divine Shield, Cleansing Flame, Summon Divine Warrior, Renounce Religion


You were in Pandemonium.
You worshipped the Shining One.
The Shining One was extremely pleased with you.
You were very hungry.
You were a tree.
You visited 15 branches of the dungeon, and saw 60 of its levels.
You visited Pandemonium 2 times, and saw 13 of its levels.
You visited the Abyss 10 times.

You collected 13511 gold pieces.
You spent 12224 gold pieces at shops.

Inventory:

Hand Weapons
 i - a +2 demon trident of freezing
 l - the +8 longbow "Zephyr" {speed, Dex+3 SInv}
   (You found it on level 3 of the Elven Halls)

   Attacks with this weapon are significantly faster.
   It affects your dexterity (+3).
   It lets you see invisible.
 o - the +10 zealot's sword (weapon) {holy, *Rage rN+ EV+3}
   (You bought it in a shop on level 3 of the Elven Halls)

   It has been blessed by the Shining One to cause great damage to the undead
   and demons.
   It affects your evasion (+3).
   It protects you from negative energy.
   It may make you go berserk in combat.
Missiles
 d - 35 arrows
 g - a throwing net (quivered)
Armour
 q - a +2 pair of gloves of archery (melded)
 z - a +0 tower shield of reflection
 A - the +2 helmet "Aqaof" (melded) {MR+ Int+6}
   (You acquired it on level 5 of the Pits of Slime)

   It affects your intelligence (+6).
   It affects your resistance to hostile enchantments.
 I - a scarf of resistance (melded)
 K - a +2 kite shield of protection (worn)
 O - the +6 centaur barding "Ulyter" (melded) {+Blink rN+++ Int+3 Stlth-}
   (Okawaru gifted it to you in Pandemonium)

   It affects your intelligence (+3).
   It renders you almost immune to negative energy.
   It lets you blink.
   It makes you less stealthy.
 P - +2 gold dragon scales (melded)
 V - the +3 chain mail of the Harp {rN+ Slay+3}
   (You found it on level 4 of the Swamp)

   It affects your accuracy and damage with ranged weapons and melee attacks
   (+3).
   It protects you from negative energy.
 W - a +2 kite shield of positive energy
Jewellery
 s - the ring "Orodihus" (right branch) {Fire MR+ Str+3}
   (You bought it in a shop on level 3 of the Depths)

   [ring of fire]

   It enhances your fire magic.
   It affects your strength (+3).
   It protects you from fire.
   It makes you vulnerable to cold.
   It affects your resistance to hostile enchantments.
 L - the amulet "Ynavea" {RegenMP Fragile rN++ MR+}
   (You took it off a red devil on level 1 of the Abyss)

   [amulet of magic regeneration]

   It increases your magic regeneration.
   It greatly protects you from negative energy.
   It affects your resistance to hostile enchantments.
   It will be destroyed if unequipped.
 M - the ring of Apty {EV-4 Slay+5}
   (You found it in Pandemonium)

   [ring of evasion]

   It affects your evasion (-4).
   It affects your accuracy and damage with ranged weapons and melee attacks
   (+5).
 X - the ring of the Sneaky Knives (left branch) {rC+ rCorr Str+6}
   (You bought it in a shop on level 8 of the Dungeon)

   [ring of resist corrosion]

   It affects your strength (+6).
   It protects you from cold.
   It provides partial protection from all sources of acid and corrosion.
 Y - the amulet of Dithmenos's Respect (around neck) {Reflect rElec Str+3 Int+2 SH+5}
   (You acquired it on level 2 of the Orcish Mines)

   [amulet of reflection]

   It shields you and reflects attacks.
   It affects your strength (+3).
   It affects your intelligence (+2).
   It insulates you from electricity.
   It affects your SH (+5).
Wands
 m - a wand of paralysis (16)
 u - a wand of disintegration (26)
 D - a wand of acid (10)
 J - a wand of digging (9)
 T - a wand of iceblast (8)
Scrolls
 c - 7 scrolls of enchant weapon
 e - 2 scrolls of holy word
 k - 28 scrolls of remove curse
 t - 5 scrolls of identify
 v - 14 scrolls of fog
 x - 17 scrolls of amnesia
 y - 15 scrolls of teleportation
 B - 11 scrolls of magic mapping
 C - 3 scrolls of silence
 H - 5 scrolls of fear
 R - a scroll of blinking
 U - 3 scrolls of summoning
Potions
 a - a potion of ambrosia
 b - 16 potions of stabbing
 h - 14 potions of brilliance
 n - 6 potions of curing
 p - 3 potions of resistance
 r - 4 potions of haste
 E - 2 potions of cancellation
 F - a potion of magic
 G - 7 potions of flight
 N - 10 potions of lignification
 Q - 2 potions of invisibility
 S - a potion of might
 Z - 3 potions of berserk rage
Miscellaneous
 w - the horn of Geryon
Comestibles
 f - 35 rations


   Skills:
 O Level 27 Fighting
   Level 2.4(10.4) Short Blades
 - Level 15.1(15.2) Long Blades
   Level 9.0 Maces & Flails
 + Level 9.0 Polearms
 O Level 27 Bows
 - Level 13.0 Armour
 - Level 18.1 Dodging
 - Level 0.4 Stealth
 - Level 15.0 Shields
 - Level 11.4 Hexes
 - Level 13.2 Charms
 - Level 11.4 Translocations
 - Level 7.2 Transmutations
 - Level 7.2 Earth Magic
 - Level 17.1 Invocations
 - Level 10.1 Evocations


You had 8 spell levels left.
You knew the following spells:

 Your Spells              Type           Power        Failure   Level  Hunger
a - Song of Slaying       Chrm           ##......     1%          2    ###....
b - Statue Form           Tmut/Erth      #........    94%         6    #######
c - Aura of Abjuration    Summ           #.........   100%        5    ######.
d - Shroud of Golubria    Chrm/Tloc      ##....       1%          2    ###....
e - Portal Projectile     Hex/Tloc       ##....       1%          3    ####...

Your spell library contained the following spells:

 Spells                   Type           Power        Failure   Level  Hunger
 Apportation              Tloc           ##....       1%          1    ##.....
 Corona                   Hex            ##.....      1%          1    ##.....
 Infusion                 Chrm           ##..         1%          1    ##.....
 Sandblast                Erth           #.....       1%          1    ##.....
 Blink                    Tloc           N/A          1%          2    ###....
 Slow                     Hex            ##......     1%          2    ###....
 Confusing Touch          Hex            ##......     1%          3    ####...
 Gell's Gravitas          Tloc           ##........   1%          3    ####...
 Lesser Beckoning         Tloc           ##........   1%          3    ####...
 Spectral Weapon          Hex/Chrm       ##......     1%          3    ####...
 Tukima's Dance           Hex            ##......     1%          3    ####...
 Cause Fear               Hex            ##........   1%          4    #####..
 Ensorcelled Hibernation  Hex/Ice        #.....       2%          2    ###....
 Sting                    Tmut/Pois      #...         4%          1    ##.....
 Ozocubu's Armour         Chrm/Ice       #.......     4%          3    ####...
 Leda's Liquefaction      Hex/Erth       #.........   4%          4    #####..
 Dazzling Flash           Conj/Hex       #.....       6%          3    ####...
 Inner Flame              Hex/Fire       #.......     6%          3    ####...
 Recall                   Summ/Tloc      N/A          6%          3    ####...
 Summon Guardian Golem    Hex/Summ       #.......     6%          3    ####...
 Petrify                  Tmut/Erth      #.......     12%         4    #####..
 Yara's Violent Unravell  Hex/Tmut       #.........   14%         5    ######.
 Stone Arrow              Conj/Erth      #.....       17%         3    ####...
 Iskenderun's Mystic Bla  Conj/Tloc      #.......     24%         4    #####..
 Foxfire                  Conj/Fire      #...         26%         1    ##.....
 Freeze                   Ice            #...         26%         1    ##.....
 Magic Dart               Conj           #...         26%         1    ##.....
 Summon Butterflies       Summ           #.......     26%         1    ##.....
 Summon Small Mammal      Summ           #...         26%         1    ##.....
 Ignite Poison            Fire/Tmut/Pois #.......     28%         3    ####...
 Invisibility             Hex            ##......     36%         6    #######
 Call Imp                 Summ           #.......     38%         2    ###....
 Corpse Rot               Necr/Air       N/A          38%         2    ###....
 Poisonous Vapours        Pois/Air       #.....       38%         2    ###....
 Iskenderun's Battlesphe  Conj/Chrm      #.......     45%         5    ######.
 Ice Form                 Ice/Tmut       #.......     54%         4    #####..
 Metabolic Englaciation   Hex/Ice        #.........   61%         5    ######.
 Summon Forest            Summ/Tloc      #.........   61%         5    ######.
 Summon Mana Viper        Hex/Summ       #.......     61%         5    ######.
 Call Canine Familiar     Summ           #.......     65%         3    ####...
 Conjure Flame            Conj/Fire      #.......     65%         3    ####...
 Frozen Ramparts          Ice            #.....       65%         3    ####...
 Mephitic Cloud           Conj/Pois/Air  #.......     65%         3    ####...
 Static Discharge         Conj/Air       #.......     65%         3    ####...
 Alistair's Intoxication  Tmut/Pois      #.......     89%         5    ######.
 Borgnjor's Vile Clutch   Necr/Erth      #.........   89%         5    ######.
 Irradiate                Conj/Tmut      #.........   89%         5    ######.
 Hydra Form               Tmut           #.........   94%         6    #######
 Animate Dead             Necr           N/A          97%         4    #####..
 Hailstorm                Conj/Ice       #.......     97%         4    #####..
 Sticky Flame             Conj/Fire      #.......     97%         4    #####..
 Summon Ice Beast         Ice/Summ       #.......     97%         4    #####..
 Summon Lightning Spire   Summ/Air       #.......     97%         4    #####..
 Bolt of Magma            Conj/Fire/Erth #.........   97%         5    ######.
 Fireball                 Conj/Fire      #.........   100%        5    ######.
 Conjure Ball Lightning   Conj/Air       #.........   100%        6    #######
 Death Channel            Necr           #.........   100%        6    #######
 Eringya's Noxious Bog    Tmut/Pois      #.........   100%        6    #######
 Freezing Cloud           Conj/Ice/Air   #.........   100%        6    #######
 Iron Shot                Conj/Erth      #.........   100%        6    #######
 Ozocubu's Refrigeration  Ice            #.........   100%        6    #######
 Simulacrum               Ice/Necr       #.........   100%        6    #######
 Starburst                Conj/Fire      #.........   100%        6    #######
 Dragon Form              Tmut           #.........   100%        7    #######
 Malign Gateway           Summ/Tloc      #.........   100%        7    #######
 Monstrous Menagerie      Summ           #.........   100%        7    #######
 Orb of Destruction       Conj           #.........   100%        7    #######
 Ring of Flames           Chrm/Fire      #.........   100%        7    #######
 Spellforged Servitor     Conj/Summ      #.........   100%        7    #######
 Summon Greater Demon     Summ           #.........   100%        7    #######
 Summon Hydra             Summ           #.........   100%        7    #######
 Ignition                 Fire           #.........   100%        8    #######
 Summon Horrible Things   Summ           #.........   100%        8    #######
 Dragon's Call            Summ           #.........   100%        9    #######
 Shatter                  Erth           #.........   100%        9    #######
 Tornado                  Air            #.........   100%        9    #######


Dungeon Overview and Level Annotations

Branches:
Dungeon (15/15)            Temple (1/1) D:6            Lair (6/6) D:11
  Swamp (4/4) Lair:3        Snake (4/4) Lair:4        Slime (5/5) Lair:6
    Orc (2/2) D:11            Elf (3/3) Orc:2        Vaults (5/5) D:13
  Crypt (1/3) Vaults:3     Depths (5/5) D:15           Hell (visited)
    Dis (1/7) Hell            Geh (6/7) Hell            Coc (2/7) Hell
    Tar (0/7) Hell            Zot (0/5) Depths:5

Altars:
Ashenzari
Cheibriados
Dithmenos
Elyvilon
Fedhas
Gozag
Hepliaklqana
Kikubaaqudgha
Makhleb
Nemelex Xobeh
Okawaru
Qazlal
Ru
Sif Muna
Trog
Uskayaw
Vehumet
Wu Jian
Xom
Yredelemnul
Zin
The Shining One
Jiyva

Shops:
D:8 =   D:11 [   Orc:2 ***(*   Elf:1 (   Elf:3 *:%(:   Vaults:2 !!:
Vaults:3 ?   Vaults:5 %%!   Depths:1 *   Depths:3 (=!!

Portals:
Hell: Depths:1 Depths:2 Depths:3 Depths:4 Depths:5
Abyss: Depths:3 Depths:4
Pandemonium: Depths:1 Depths:3 Depths:4 Depths:5
Ziggurat: Depths:4
Trove: D:14 (give +3 storm dragon scales)

Annotations:
D:7 Joseph
Snake:2 1 runed translucent door
Elf:2 1 runed translucent door
Depths:2 3 runed translucent doors
Pan Mnoleg


Innate Abilities, Weirdness & Mutations

((You have hooves in place of feet.))
((Armour fits poorly on your strangely shaped body.))
((You cover ground very quickly.))
((You have extremely tough skin. (AC +3)))
((You are partially covered in thin metallic scales. (AC +2)))
((You are partially covered in yellow scales. (AC +2)))
You often lose your temper in combat.
Scrolls take you much longer to read.
You are very clumsy. (Dex -4)
Your magical capacity is low. (-10% MP)
You are very weak. (Str -4)
Your spells are much easier to cast, but much less powerful.
You expend magic power (3 MP) to strengthen your wands.
((Your movements are slightly less encumbered by armour. (ER -2)))


Message History

The large abomination is severely damaged.
The golden flame engulfs the great orb of eyes!!
The great orb of eyes is severely wounded.
The golden flame engulfs the large abomination!!
The large abomination writhes in agony!
You destroy the large abomination!
The Shining One accepts your kill.
The golden flame engulfs the large abomination.
The large abomination writhes in agony!
The large abomination is lightly damaged.
You feel somewhat more hungry.
The Shining One is no longer ready to bless your weapon.
You feel yourself speed up.
The tentacled monstrosity disappears in a puff of smoke!
The tentacled monstrosity tentacle-slaps you but does no damage.
You block the tentacled monstrosity's attack. x2
The tentacled monstrosity tentacle-slaps you!
* * * LOW HITPOINT WARNING * * *
The tentacled monstrosity tentacle-slaps you.
You die...

##...##.........##......
#...####................
...##...####...##...........
uu..##...##...##............
...X.##......##.....##......
#..X..##....##.....###......
#.X.&2##..##.....## #......
#X.GXG####§....## #......
#....3##♣X&X.## #......
#..G5XXXXG.## #......
##....X..X## #......
##....G.## #...... #......#
#...... #........# #......
#..........# #......
#.§...##.....# #......
.....####....# #......


You could see Mnoleg, 3 tentacled monstrosities, a great orb of eyes (summoned,
fast, resistant), a shining eye (fast, agile, resistant), 5 large abominations,
an eye of draining (fast, strong, resistant) and an ufetubus (summoned, strong).

Vanquished Creatures
  Cerebov (Pan)
  the Royal Jelly (Slime:5)
  Dissolution (Slime:3)
  Lom Lobon (Pan)
  An ancient lich (Vaults:5)
  Mennas (Pan)
  3 juggernauts
  Sojobo (Vaults:5)
  The ghost of Vatovie the Slayer, a veteran MiFi of Makhleb (Vaults:4)
  Bai Suzhen (Swamp:3)
  the Lernaean hydra (Swamp:4)
  Saint Roka (Vaults:4)
  Vashnia (Snake:2)
  Geryon (Hell)
  4 golden dragons
  the Enchantress (Depths:3)
  Nikola (Snake:1)
  2 profane servitors
  13 bone dragons
  The ghost of Kidasekh the Slayer, an adept MiBe of Trog (Depths:1)
  16 Tzitzimimeh (Pan)
  14 Brimstone Fiends
  11 liches
  3 pandemonium lords (Pan)
  2 hellephants (Abyss:1)
  7 tentacled monstrosities
  2 deep elf blademasters
  2 Ice Fiends (Pan)
  2 Hell Sentinels (Pan)
  16 titans
  Asterion (Snake:3)
  2 quicksilver dragons (Vaults:5)
  3 deep elf master archers (Elf:3)
  22 acid blobs
  9 Executioners
  4 sphinxes
  An ancient champion (Crypt:1)
  Kirke (Snake:3)
  36 tentacled starspawn
  5 thorn hunters
  Gastronok (Lair:2)
  4 storm dragons
  Agnes (Elf:1)
  7 tengu reavers
  6 draconian monks (Depths:5)
  A warmonger (Pan)
  5 shadow dragons
  16 fire giants
  4 revenants
  9 nagarajas
  A draconian knight (Depths:5)
  16 azure jellies
  2 iron dragons
  22 frost giants
  12 deep elf sorcerers
  Aizul (Snake:1)
  A ghost moth (Abyss:4)
  3 orc warlords
  15 vault wardens
  15 cacodemons
  10 deep elf elementalists
  34 balrugs
  The ghost of Blackbelt the Impaler, a journeyman DgGl (Orc:2)
  3 angels
  3 spriggan defenders (Depths:3)
  4 blood saints (Pan)
  2 curse skulls (Crypt:1)
  45 very ugly things
  A caustic shrike skeleton (Crypt:1)
  16 ironheart preservers
  2 entropy weavers
  8 draconian annihilators
  16 reapers
  33 stone giants
  2 ophanim
  3 black suns (Pan)
  A vampire knight (Crypt:1)
  A deep elf demonologist (Elf:3)
  5 green draconians (Depths:5)
  2 juggernaut skeletons (Depths:4)
  5 corrupters (Pan)
  A spark wasp (Depths:1)
  9 red draconians
  A dire elephant (Abyss:4)
  6 black draconians
  12 deep elf annihilators
  4 purple draconians
  A spark wasp (shapeshifter) (Vaults:5)
  2 white draconians
  6 lorocyprocas
  A merfolk javelineer (Depths:5)
  13 green deaths
  9 deep elf death magi
  Snorg (D:14)
  14 ettins
  16 blizzard demons
  9 death oozes (Slime:5)
  An ettin (shapeshifter) (Elf:2)
  An eidolon (Abyss:3)
  Josephine (Lair:5)
  3 quicksilver dragon zombies
  2 merfolk impalers (Depths:5)
  19 great orbs of eyes
  32 vault guards
  20 yaktaur captains
  6 deep elf high priests
  2 kraken zombies (Coc:2)
  4 fire dragons
  18 rakshasas
  3 monstrous demonspawn (Pan)
  14 ice dragons
  2 quicksilver dragon skeletons
  15 ogre magi
  22 naga warriors
  30 hydras
  A hell beast (Pan)
  7 spriggan air magi
  A shambling mangrove (Abyss:1)
  11 centaur warriors
  2 death knights
  2 catoblepae
  A satyr (Abyss:4)
  6 anacondas
  2 anacondas (shapeshifter)
  5 tengu warriors
  18 alligators
  2 vampire magi
  31 two-headed ogres
  6 deep troll shamans
  21 naga sharpshooters
  38 dancing weapons
  46 thrashing horrors
  4 death yaks (Lair:6)
  9 deep troll earth magi
  A shock serpent (shapeshifter) (Elf:3)
  16 hell hogs
  3 titan zombies
  8 shock serpents
  12 spriggan berserkers
  3 orc high priests (Orc:2)
  9 spriggans
  70 sun demons
  2 storm dragon zombies
  26 hell knights
  32 wretched stars
  39 soul eaters
  17 deep elf knights
  4 titan skeletons
  2 salamander mystics (Snake:3)
  8 skeletal warriors
  2 fire crabs (Abyss:5)
  24 sixfirhies
  2 iron golems
  152 slime creatures
  3 storm dragon skeletons
  5 shadow wraiths
  25 deep trolls
  72 small abominations
  2 death drakes (Depths:5)
  An unseen horror (shapeshifter) (Depths:3)
  A spriggan druid (Swamp:3)
  4 infernal demonspawn (Pan)
  2 sea snakes (Snake:1)
  5 torturous demonspawn
  A deep troll (shapeshifter) (Vaults:2)
  2 death drakes (shapeshifter)
  7 glowing orange brains
  9 shadow demons (Pan)
  An orange crystal statue (D:13)
  9 spatial maelstroms
  3 anaconda zombies
  A ghost moth zombie (Geh:4)
  13 unseen horrors
  8 naga ritualists
  65 starcursed masses
  7 wizards
  7 flayed ghosts
  4 gelid demonspawn (Pan)
  16 necromancers
  3 shadow dragon zombies
  Pikel (D:4)
  8 phantasmal warriors
  A golden dragon zombie (Geh:4)
  2 golden dragon skeletons
  20 orc knights
  3 anaconda skeletons
  20 deep elf archers
  6 harpies
  15 swamp dragons
  4 lindwurms
  A harpy (shapeshifter) (Vaults:1)
  An orb spider (Abyss:5)
  14 ironbrand convokers
  118 large abominations
  A wolf spider zombie (Geh:3)
  3 iron dragon zombies
  4 oklob plants (Lair:3)
  2 shadow dragon skeletons
  53 deep elf magi
  2 stone giant zombies
  8 orc sorcerers
  A fire giant zombie (Abyss:2)
  A wolf spider (Vaults:3)
  A manticore (shapeshifter) (Vaults:3)
  A frost giant zombie (Geh:2)
  13 mana vipers
  10 cyclopes
  4 manticores
  54 ugly things
  A shining eye (shapeshifter) (Vaults:5)
  14 worldbinders
  16 naga magi
  2 stone giant skeletons
  12 salamanders
  2 frost giant skeletons
  15 elephants
  16 shining eyes
  2 fire giant skeletons
  10 vault sentinels
  2 shock serpent zombies
  3 ice statues
  9 apocalypse crabs
  40 black mambas
  2 centaur zombies
  9 guardian serpents
  18 rust devils
  6 centaur skeletons
  33 orange demons
  63 smoke demons
  6 torpor snails
  A molten gargoyle (Hell)
  4 eyes of devastation
  3 dire elephant skeletons
  19 spiny frogs
  A spiny frog (shapeshifter) (Abyss:2)
  2 rime drakes (Lair:2)
  Maggie (Lair:2)
  7 freezing wraiths
  12 hellions
  3 gargoyles
  A kobold demonologist (D:15)
  24 demonic crawlers
  15 efreet
  A harpy zombie (Geh:1)
  7 komodo dragons
  An emperor scorpion zombie (Hell)
  18 tormentors
  53 yaktaurs
  21 ancient zymes
  8 ice devils
  48 red devils
  6 tengu conjurers
  A catoblepas skeleton (Abyss:1)
  31 hellwings
  3 polar bears
  A spriggan skeleton (Depths:1)
  6 hydra zombies
  13 trolls
  2 jumping spiders (Vaults:2)
  2 meliai (shapeshifter)
  12 tyrant leeches
  11 hornets
  2 hydra skeletons
  A merfolk (shapeshifter) (Vaults:3)
  An iron dragon simulacrum (Abyss:2)
  Prince Ribbit (D:7)
  Grinder (D:3)
  5 wind drakes (Depths:5)
  55 raiju
  A satyr zombie (Crypt:1)
  11 bog bodies
  2 slime creatures (shapeshifter) (Depths:1)
  A snapping turtle (shapeshifter) (Abyss:2)
  2 ice dragon zombies
  5 harpy skeletons
  2 dream sheep (shapeshifter) (Vaults:5)
  13 hippogriffs
  36 blink frogs
  9 dream sheep
  A fire giant simulacrum (Abyss:3)
  2 fire dragon zombies
  An alligator zombie (Coc:1)
  44 flying skulls
  2 ettin skeletons
  3 human simulacra
  A fire dragon skeleton (Geh:2)
  3 air elementals
  8 shadows
  2 tarantellas (Vaults:2)
  19 water elementals
  3 ice dragon skeletons
  59 ynoxinuls
  3 wyverns
  16 wraiths
  A basilisk (shapeshifter) (Vaults:5)
  29 fire elementals
  2 hogs (D:11)
  Grum (D:8)
  2 black mamba skeletons
  22 neqoxecs
  A human (D:11)
  20 fire bats
  3 basilisks
  19 golden eyes
  36 chaos spawn
  A steam dragon (D:13)
  34 yaks
  A yaktaur simulacrum (Vaults:2)
  2 elf skeletons (Depths:4)
  3 hungry ghosts
  16 vampire mosquitoes
  12 wargs
  Menkaure (D:7)
  16 swamp worms
  12 spatial vortices
  Edmund (D:4)
  A faun zombie (Crypt:1)
  A swamp worm (shapeshifter) (Vaults:5)
  An acid dragon (Vaults:2)
  31 insubstantial wisps
  72 nagas
  2 hydra simulacra (Coc:1)
  A soldier ant (shapeshifter) (Vaults:5)
  12 water moccasins
  27 hell hounds
  9 porcupines
  A spiny frog zombie (Abyss:2)
  16 swamp drakes
  A tengu skeleton (Depths:1)
  A faun skeleton (Crypt:1)
  A floating eye (shapeshifter) (Depths:2)
  3 floating eyes
  A black bear (shapeshifter) (Vaults:4)
  3 spiny frog skeletons
  A slave (D:4)
  52 orc warriors
  2 ettin simulacra (Vaults:2)
  8 ice beasts
  3 phantoms
  6 sky beasts
  An orc zombie (Vaults:2)
  11 boggarts
  7 black bears
  2 swamp dragon zombies
  13 eyes of draining
  3 necrophages
  3 snapping turtle zombies
  43 ogres
  A snapping turtle skeleton (Coc:2)
  A centaur (shapeshifter) (Vaults:4)
  9 wolves
  39 centaurs
  11 crocodiles
  An elf zombie (Geh:1)
  4 human zombies
  5 big kobolds
  2 manticore skeletons
  3 wyvern zombies
  7 earth elementals
  14 bullfrogs
  A wyvern skeleton (D:14)
  A spriggan zombie (Geh:3)
  A yak zombie (Crypt:1)
  7 scorpions
  3 killer bees (D:8)
  30 wights
  2 electric eels
  3 bullfrog zombies
  22 crimson imps
  5 jellies
  15 quasits
  A wyvern simulacrum (D:11)
  Crazy Yiuf (D:3)
  A wolf skeleton (Crypt:1)
  3 hounds
  A gnoll shaman (D:4)
  22 orc priests
  3 bullfrog skeletons
  17 iron imps
  29 orc wizards
  Terence (D:3)
  3 iguanas
  Natasha (twice) (D:4)
  9 worker ants
  2 naga zombies
  2 ogre zombies
  An ogre skeleton (Abyss:5)
  A hound zombie (D:11)
  A hound skeleton (D:7)
  Robin (D:4)
  14 gnolls
  2 howler monkey skeletons
  9 adders
  8 shadow imps
  A swamp drake skeleton (Crypt:1)
  9 white imps
  9 ufetubi
  3 oozes
  An iguana zombie (Crypt:1)
  An adder zombie (D:8)
  A worm (D:5)
  A dart slug (D:5)
  4 leopard geckos
  81 orcs
  A ball python (D:2)
  12 bats
  3 giant cockroaches
  11 hobgoblins
  6 jackals (D:4)
  17 kobolds
  4 quokkas
  7 frilled lizards
  20 goblins
  2 jackal skeletons (D:7)
  A kobold zombie (Geh:3)
  A leopard gecko zombie (D:6)
  A quokka skeleton (D:9)
  2 quokka zombies
  6 rats
  2 crawling corpses
  A fungus (Lair:4)
  3 lurking horrors
  A plant (Lair:5)
  26 starspawn tentacles
  4 tentacles (Coc:2)
4200 creatures vanquished.

Vanquished Creatures (collateral kills)
  A cacodemon (Pan)
1 creature vanquished.

Vanquished Creatures (others)
  An ancient lich (Depths:1)
  An elemental wellspring (Coc:1)
  A hell hog (Abyss:1)
  A deep elf knight (Vaults:3)
  An infernal demonspawn (Pan)
  A necromancer (Geh:2)
  A smoke demon (Pan)
  A blink frog (Abyss:1)
  A flying skull (Coc:2)
  4 humans (Snake:3)
  A small abomination (Abyss:1)
  A slave (D:4)
  2 wights
  A crimson imp (Elf:1)
  A quasit (Abyss:2)
  Natasha (D:4)
  A shadow imp (Depths:4)
  An ufetubus (Depths:4)
  19 ball lightnings (Pan)
  3 crawling corpses (Elf:3)
  A fire vortex (Pan)
  2 fungi
  A lurking horror (Abyss:3)
  2 plants (Lair:3)
  41 starspawn tentacles
  6 tentacles (Coc:2)
97 creatures vanquished.

Grand Total: 4298 creatures vanquished

Notes
Turn   | Place    | Note
-------+----------+-------------------------------------------
     0 | D:1      | DogServant the Centaur Hunter began the quest for the Orb.
     0 | D:1      | Reached XP level 1. HP: 17/17 MP: 1/1
   328 | D:1      | Reached XP level 2. HP: 25/25 MP: 2/2
   891 | D:1      | Reached XP level 3. HP: 29/30 MP: 3/3
  1737 | D:2      | Reached XP level 4. HP: 38/38 MP: 4/4
  1975 | D:3      | Noticed Grinder
  2004 | D:3      | Found an iron altar of Okawaru.
  2015 | D:3      | Became a worshipper of Warmaster Okawaru
  2031 | D:3      | Found a sacrificial altar of Ru.
  2473 | D:4      | You fall into a shaft and drop 3 floors!
  2473 | D:7      | Noticed Joseph
  2477 | D:7      | Noticed Prince Ribbit
  2493 | D:8      | Found Vengargh's Jewellery Shop.
  2497 | D:8      | Noticed a centaur
  2516 | D:8      | Killed a centaur
  2516 | D:8      | Reached XP level 5. HP: 46/46 MP: 5/5
  2672 | D:8      | You fall into a shaft and drop 2 floors!
  2672 | D:10     | Entered Level 10 of the Dungeon
  2710 | D:9      | Noticed a hippogriff
  3092 | D:8      | Noticed an ogre
  3105 | D:8      | Killed an ogre
  3105 | D:8      | Reached * piety under Okawaru
  3105 | D:8      | Reached XP level 6. HP: 55/55 MP: 6/6
  3129 | D:8      | Noticed Grum
  3142 | D:7      | Reached skill level 5 in Fighting
  3215 | D:7      | Reached XP level 7. HP: 45/63 MP: 7/7
  3409 | D:7      | Reached ** piety under Okawaru
  3637 | D:7      | Noticed a hippogriff
  3862 | D:6      | Found a stormy altar of Qazlal.
  4133 | D:6      | Found a staircase to the Ecumenical Temple.
  4203 | D:6      | Reached skill level 10 in Bows
  4287 | D:6      | Reached skill level 1 in Invocations
  4287 | D:6      | Reached XP level 8. HP: 71/71 MP: 8/8
  4386 | D:6      | Found a hide-covered altar of Uskayaw.
  4473 | D:6      | Found a sparkling altar of Nemelex Xobeh.
  4621 | D:5      | Entered Level 5 of the Dungeon
  5029 | D:5      | Found a shimmering altar of Xom.
  5029 | D:5      | Found an opulent altar of Gozag.
  5270 | D:4      | Reached *** piety under Okawaru
  5440 | D:4      | Noticed Pikel
  5564 | D:4      | Reached skill level 1 in Short Blades
  5619 | D:4      | Killed Pikel
  5619 | D:4      | Received a gift from Okawaru
  5619 | D:4      | Reached XP level 9. HP: 18/79 MP: 10/12
  6229 | D:4      | Reached skill level 5 in Invocations
  6422 | D:4      | Noticed Natasha
  6437 | D:4      | Killed Natasha
  6622 | D:4      | Noticed Robin
  6646 | D:4      | Killed Robin
  7086 | D:4      | Noticed Edmund
  7098 | D:4      | Noticed Natasha
  7115 | D:4      | Killed Natasha
  7141 | D:4      | Killed Edmund
  7141 | D:4      | Reached skill level 1 in Maces & Flails
  7254 | D:4      | Found a shattered altar of Ashenzari.
  7259 | D:4      | Killed Natasha
  7660 | D:3      | Noticed Terence
  7673 | D:3      | Killed Terence
  7895 | D:3      | Killed Grinder
  7968 | D:3      | Found a runed translucent door.
  7969 | D:3      | Noticed Crazy Yiuf
  7978 | D:3      | Killed Crazy Yiuf
  8236 | D:7      | Reached **** piety under Okawaru
  8323 | D:7      | Noticed Menkaure
  8328 | D:7      | Killed Menkaure
  8510 | D:7      | Killed Prince Ribbit
  8989 | D:9      | Found an ancient bone altar of Kikubaaqudgha.
  9023 | D:9      | Received a gift from Okawaru
  9025 | D:9      | Reached XP level 10. HP: 79/86 MP: 15/15
  9252 | D:9      | Found a bloodstained altar of Trog.
  9843 | D:9      | Found a radiant altar of Vehumet.
  9877 | D:9      | Found a blossoming altar of Fedhas.
 10127 | D:9      | Found a burning altar of Makhleb.
 10336 | D:10     | Reached ***** piety under Okawaru
 10464 | D:10     | Received a gift from Okawaru
 11540 | D:11     | Found a staircase to the Lair.
 11866 | D:11     | Received a gift from Okawaru
 11945 | D:11     | Noticed an orc knight
 11989 | D:11     | Killed an orc knight
 12134 | D:11     | Found a staircase to the Orcish Mines.
 12134 | D:11     | Found Joxate Sonapp's Armour Boutique.
 12335 | D:11     | Reached XP level 11. HP: 83/94 MP: 17/17
 12741 | D:11     | Noticed a two-headed ogre
 12749 | D:11     | Killed a two-headed ogre
 12749 | D:11     | Received a gift from Okawaru
 12947 | D:11     | Received a gift from Okawaru
 13083 | D:11     | Killed an unseen horror
 13979 | D:12     | Noticed a cyan ugly thing
 14027 | D:12     | Killed a cyan ugly thing
 14338 | D:12     | Noticed a fire giant
 14339 | D:12     | Found the +7 great mace "Firestarter" {inner flame, rF++}
 14503 | Lair:1   | Entered Level 1 of the Lair of Beasts
 14567 | Lair:1   | Reached skill level 10 in Invocations
 15130 | Lair:1   | Reached skill level 15 in Bows
 15130 | Lair:1   | Reached skill level 5 in Dodging
 15299 | Lair:1   | Reached XP level 12. HP: 80/105 MP: 19/19
 15680 | Lair:2   | Noticed Gastronok
 15696 | Lair:2   | Killed Gastronok
 15696 | Lair:2   | Received a gift from Okawaru
 15964 | Lair:2   | Reached skill level 10 in Fighting
 16055 | Lair:2   | Noticed Maggie
 16083 | Lair:2   | Killed Maggie
 16498 | Lair:2   | Reached skill level 1 in Armour
 17219 | Lair:3   | Found a staircase to the Swamp.
 17324 | Lair:3   | Received a gift from Okawaru
 17331 | Lair:3   | Got a crystal shortbow {god gift}
 17332 | Lair:3   | Identified the +5 shortbow of Valour {vorpal, *Contam rN++
                  | MR+ SInv} (Okawaru gifted it to you on level 3 of the Lair
                  | of Beasts)
 17865 | Lair:3   | Noticed a five-headed hydra
 17908 | Lair:3   | Killed a five-headed hydra
 18104 | Lair:3   | Reached XP level 13. HP: 69/115 MP: 21/21
 18399 | Lair:3   | Got an iridescent fustibalus
 18587 | Lair:4   | Received a gift from Okawaru
 18615 | Lair:4   | Got a translucent longbow {god gift}
 18616 | Lair:4   | Identified the +8 longbow of Doom {venom, rPois} (Okawaru
                  | gifted it to you on level 4 of the Lair of Beasts)
 18629 | Lair:4   | Gained mutation: You are clumsy. (Dex -2) [mutagenic glow]
 19088 | Lair:4   | Found a staircase to the Snake Pit.
 19208 | Lair:4   | Received a gift from Okawaru
 19498 | Lair:4   | Received a gift from Okawaru
 19502 | Lair:4   | Got a spiked helmet {god gift}
 19513 | Lair:4   | Identified the -1 helmet "Wozakk" {Dex+4} (Okawaru gifted
                  | it to you on level 4 of the Lair of Beasts)
 20120 | Lair:5   | Noticed Josephine
 20178 | Lair:5   | Killed Josephine
 20819 | Lair:5   | Got a glimmering long sword
 20821 | Lair:5   | Identified the cursed +0 long sword "Ziek" {vorpal, rC+}
                  | (You found it on level 5 of the Lair of Beasts)
 21072 | Lair:5   | Found a snail-covered altar of Cheibriados.
 21615 | Lair:6   | Entered Level 6 of the Lair of Beasts
 21620 | Lair:6   | Reached XP level 14. HP: 127/127 MP: 22/24
 22196 | Lair:6   | Received a gift from Okawaru
 22329 | Lair:6   | Found a viscous altar of Jiyva.
 22330 | Lair:6   | Found a staircase to the Slime Pits.
 22812 | Lair:6   | Identified a scroll of acquirement
 22812 | Lair:6   | Acquired 640 gold pieces
 23085 | D:12     | Reached ****** piety under Okawaru
 23108 | D:12     | Killed a fire giant
 23108 | D:12     | Received a gift from Okawaru
 24074 | Orc:1    | Entered Level 1 of the Orcish Mines
 24457 | Orc:2    | Entered Level 2 of the Orcish Mines
 24457 | Orc:2    | Found a staircase to the Elven Halls.
 24463 | Orc:2    | Found a runed translucent gate.
 24464 | Orc:2    | Found a runed translucent gate.
 24465 | Orc:2    | Found a runed translucent gate.
 24467 | Orc:2    | Found an opulent altar of Gozag.
 24559 | Orc:2    | Found Popyr's Assorted Antiques.
 24560 | Orc:2    | Noticed Blackbelt's ghost (journeyman DgGl)
 25166 | Orc:2    | Received a gift from Okawaru
 25191 | Orc:2    | Received a gift from Okawaru
 25218 | Orc:2    | Received a gift from Okawaru
 25316 | Orc:2    | Found Qugonn's General Store.
 25334 | Orc:2    | Found Myemes's Assorted Antiques.
 25343 | Orc:2    | Found Annyecex's Antique Weapon Shoppe.
 25345 | Orc:2    | Found Daysesyc's General Store.
 25399 | Orc:2    | Bought the +10 morningstar "Eos" {elec, Halo rElec} for
                  | 2146 gold pieces
 25399 | Orc:2    | Found the +10 morningstar "Eos" {elec, Halo rElec}
 25497 | Orc:1    | Noticed an orc warlord
 25550 | Orc:1    | Reached XP level 15. HP: 120/137 MP: 19/26
 25617 | Orc:1    | Killed an orc warlord
 25617 | Orc:1    | Reached skill level 5 in Maces & Flails
 25617 | Orc:1    | Reached skill level 1 in Evocations
 26018 | Orc:2    | Killed Blackbelt's ghost
 26877 | D:13     | Received a gift from Okawaru
 27070 | D:13     | Found a gate to the Vaults.
 27584 | D:14     | Noticed Snorg
 27590 | D:14     | Killed Snorg
 27825 | D:14     | Found a portal to a secret trove of treasure.
 27855 | D:15     | Entered Level 15 of the Dungeon
 28113 | D:15     | Found a staircase to the Depths.
 28113 | D:15     | Noticed a frost giant
 28125 | D:15     | Killed a frost giant
 28490 | D:15     | Received a gift from Okawaru
 29489 | Swamp:1  | Entered Level 1 of the Swamp
 29754 | Swamp:1  | Reached skill level 5 in Evocations
 29972 | Swamp:1  | Found a shimmering altar of Xom.
 30046 | Swamp:1  | Reached XP level 16. HP: 145/145 MP: 27/27
 30158 | Swamp:1  | Received a gift from Okawaru
 30704 | Swamp:2  | Received a gift from Okawaru
 30867 | Swamp:2  | Noticed a thorn hunter
 30878 | Swamp:2  | Killed a thorn hunter
 31093 | Swamp:2  | Received a gift from Okawaru
 31238 | Swamp:2  | Noticed a thorn hunter
 31261 | Swamp:2  | Killed a thorn hunter
 32953 | Swamp:3  | Noticed a thorn hunter
 32960 | Swamp:3  | Killed a thorn hunter
 33426 | Swamp:3  | Noticed Bai Suzhen
 33466 | Swamp:3  | Killed Bai Suzhen
 33466 | Swamp:3  | Received a gift from Okawaru
 33988 | Swamp:4  | Entered Level 4 of the Swamp
 33996 | Swamp:4  | Received a gift from Okawaru
 34022 | Swamp:4  | Got a spiked chain mail
 34075 | Swamp:4  | Received a gift from Okawaru
 34079 | Swamp:4  | Got a twisted shortbow {god gift}
 34292 | Swamp:4  | Noticed the 27-headed Lernaean hydra
 34327 | Swamp:4  | Killed the 27-headed Lernaean hydra
 34327 | Swamp:4  | Reached XP level 17. HP: 103/152 MP: 21/28
 35039 | Swamp:4  | Got a decaying rune of Zot
 35456 | Snake:1  | Entered Level 1 of the Snake Pit
 35468 | Snake:1  | Identified the +0 shortbow "Umniwkiu" {freeze, Dex+5}
                  | (Okawaru gifted it to you on level 4 of the Swamp)
 35733 | Snake:1  | Noticed Aizul
 35743 | Snake:1  | Killed Aizul
 35743 | Snake:1  | Received a gift from Okawaru
 36240 | Snake:1  | Noticed Nikola
 36256 | Snake:1  | Killed Nikola
 36304 | Snake:1  | Reached skill level 5 in Armour
 37477 | Snake:2  | Received a gift from Okawaru
 37836 | Snake:2  | Found a sparkling altar of Nemelex Xobeh.
 37883 | Snake:2  | Noticed Vashnia
 37952 | Snake:2  | Killed Vashnia
 38711 | Depths:1 | Entered Level 1 of the Depths
 38732 | Depths:1 | Found a large runed translucent door.
 38732 | Depths:1 | Found a large runed translucent door.
 38733 | Depths:1 | Found a gateway to Hell.
 38736 | Depths:1 | Noticed Kidasekh's ghost (adept MiBe)
 38746 | Depths:1 | Found a snail-covered altar of Cheibriados.
 38978 | Depths:1 | Found a one-way gate leading to the halls of Pandemonium.
 38991 | Depths:1 | Reached skill level 15 in Fighting
 39533 | Depths:1 | Received a gift from Okawaru
 39953 | Depths:1 | Reached XP level 18. HP: 154/163 MP: 22/29
 40293 | Depths:1 | Found Itamn's Demolitions Depot.
 40377 | Depths:1 | Noticed an ancient lich
 40392 | Depths:1 | Killed an ancient lich
 41200 | Depths:1 | Identified the +3 chain mail of the Harp {rN+ Slay+3} (You
                  | found it on level 4 of the Swamp)
 41785 | Depths:2 | Found a glowing golden altar of the Shining One.
 41798 | Depths:2 | Reached skill level 10 in Dodging
 42459 | Elf:1    | Entered Level 1 of the Elven Halls
 42897 | Elf:1    | Received a gift from Okawaru
 43130 | Elf:1    | Noticed Agnes
 43135 | Elf:1    | Killed Agnes
 43357 | Elf:1    | Received a gift from Okawaru
 43511 | Elf:1    | Found Mejolio Miru's Antique Weapon Shoppe.
 43800 | Elf:1    | Got an encrusted ring mail
 43811 | Elf:1    | Identified the +0 ring mail of Feasting {rC+ Str-2 Int+3}
                  | (You found it on level 1 of the Elven Halls)
 43882 | Elf:1    | Received a gift from Okawaru
 43987 | Elf:1    | Cast into level 3 of the Abyss (a deep elf sorcerer)
 44321 | Abyss:4  | Noticed a Hell Sentinel
 44340 | Elf:1    | Escaped the Abyss
 45356 | Elf:2    | Received a gift from Okawaru
 45835 | Elf:2    | Found a runed translucent door.
 45858 | Elf:2    | Found a runed translucent door.
 46061 | Elf:2    | Lost mutation: You are clumsy. (Dex -2) [potion of
                  | mutation]
 46061 | Elf:2    | Gained mutation: Your mind is acute. (Int +2) [potion of
                  | mutation]
 46061 | Elf:2    | Gained mutation: You are partially covered in molten
                  | scales. (AC +2) [potion of mutation]
 46062 | Elf:2    | Lost mutation: You are partially covered in molten scales.
                  | (AC +2) [potion of mutation]
 46062 | Elf:2    | Lost mutation: Your mind is acute. (Int +2) [potion of
                  | mutation]
 46062 | Elf:2    | Gained mutation: You are weak. (Str -2) [potion of
                  | mutation]
 46062 | Elf:2    | Gained mutation: You have a pair of small horns on your
                  | head. [potion of mutation]
 46062 | Elf:2    | Gained mutation: You are frail. (-10% HP) [potion of
                  | mutation]
 46062 | Elf:2    | Gained mutation: You can translocate small distances at
                  | will. [potion of mutation]
 46063 | Elf:2    | Lost mutation: You have a pair of small horns on your head.
                  | [potion of mutation]
 46063 | Elf:2    | Gained mutation: You have an increased reservoir of magic.
                  | (+10% MP) [potion of mutation]
 46063 | Elf:2    | Gained mutation: You are partially covered in molten
                  | scales. (AC +2) [potion of mutation]
 46063 | Elf:2    | Gained mutation: You possess an exceptional clarity of
                  | mind. [potion of mutation]
 46064 | Elf:2    | Lost mutation: You are weak. (Str -2) [potion of mutation]
 46064 | Elf:2    | Lost mutation: You are frail. (-10% HP) [potion of
                  | mutation]
 46064 | Elf:2    | Gained mutation: You have sharp fingernails. [potion of
                  | mutation]
 46064 | Elf:2    | Gained mutation: You have a pair of small horns on your
                  | head. [potion of mutation]
 46064 | Elf:2    | Lost mutation: You have an increased reservoir of magic.
                  | (+10% MP) [potion of mutation]
 46064 | Elf:2    | Gained mutation: You evolve. [potion of mutation]
 46149 | Elf:3    | Entered Level 3 of the Elven Halls
 46188 | Elf:3    | Found Juon's Antique Weapon Boutique.
 46306 | Elf:3    | Received a gift from Okawaru
 46306 | Elf:3    | Reached XP level 19. HP: 174/174 MP: 30/30
 46730 | Elf:3    | Found a shimmering blue altar of Sif Muna.
 46821 | Elf:3    | Found Quaduax's General Store.
 46833 | Elf:3    | Bought a scroll of enchant armour for 105 gold pieces
 46873 | Elf:3    | Received a gift from Okawaru
 46946 | Elf:3    | Found Miahy's Book Boutique.
 47056 | Elf:3    | Found Arics's Food Emporium.
 47132 | Elf:3    | Received a gift from Okawaru
 47408 | Elf:3    | Identified the +10 broad axe of Terra Cotta {protect, rElec
                  | rF+ rC++ Str-3}
 47594 | Elf:3    | Received a gift from Okawaru
 47819 | Elf:3    | Received a gift from Okawaru
 47874 | Elf:3    | Identified the cursed +1 rapier of Episum {vorpal, *Noise
                  | rPois Str+6}
 48067 | Elf:3    | Identified the +1 robe "Cihamm" {rF- Regen+ rCorr}
 48067 | Elf:3    | Identified the ring "Ridufol" {Wiz rElec Str+3}
 48113 | Elf:3    | Identified the +8 morningstar of the Bespelling Seeker
                  | {vorpal, rPois Dex+6 Stlth-}
 48301 | Elf:3    | Received a gift from Okawaru
 48415 | Elf:3    | Found the +8 longbow "Zephyr" {speed, Dex+3 SInv}
 48418 | Elf:3    | Identified Sif Muna's Volume of Weightlessness and Good
                  | Luck
 48431 | Elf:3    | Identified the Disquisition on the Voyage and Bewitchment
 48657 | Elf:3    | Found Tanet's Book Shop.
 49167 | Elf:2    | Cast into level 2 of the Abyss (+0 quick blade of
                  | distortion)
 49395 | Elf:2    | Escaped the Abyss
 49798 | Orc:2    | Bought a scroll of acquirement for 1612 gold pieces
 49798 | Orc:2    | Acquired the amulet of Dithmenos's Respect {Reflect rElec
                  | Str+3 Int+2 SH+5}
 50031 | Snake:2  | Found a runed translucent door.
 50863 | Snake:3  | Reached XP level 20. HP: 141/187 MP: 24/31
 51124 | Snake:3  | Received a gift from Okawaru
 51819 | Snake:3  | Found an opulent altar of Gozag.
 51939 | Snake:3  | Noticed Asterion
 51952 | Snake:3  | Killed Asterion
 51970 | Snake:3  | Noticed Kirke
 51978 | Snake:3  | Killed Kirke
 52356 | Snake:4  | Entered Level 4 of the Snake Pit
 53999 | Snake:4  | Received a gift from Okawaru
 54582 | Snake:4  | Got a serpentine rune of Zot
 55017 | Snake:2  | Found a sparkling altar of Nemelex Xobeh.
 55269 | Snake:2  | Found a runed translucent door.
 55391 | Slime:1  | Entered Level 1 of the Pits of Slime
 55409 | Slime:1  | Received a gift from Okawaru
 55748 | Slime:1  | Received a gift from Okawaru
 55748 | Slime:1  | Reached XP level 21. HP: 190/199 MP: 32/32
 56556 | Slime:3  | Noticed Dissolution
 56558 | Slime:3  | Gained mutation: Your body sometimes deteriorates upon
                  | taking damage. [a shining eye]
 56562 | Slime:3  | Lost mutation: You possess an exceptional clarity of mind.
                  | [a shining eye]
 56569 | Slime:3  | Killed Dissolution
 56569 | Slime:3  | Received a gift from Okawaru
 56716 | Slime:3  | You fall into a shaft and drop 1 floor!
 57794 | Slime:3  | Gained mutation: You occasionally shout uncontrollably at
                  | your foes. [a shining eye]
 57804 | Slime:3  | Gained mutation: You are clumsy. (Dex -2) [a shining eye]
 57910 | Slime:3  | Lost mutation: You have a pair of small horns on your head.
                  | [potion of mutation]
 57910 | Slime:3  | Lost mutation: You are clumsy. (Dex -2) [potion of
                  | mutation]
 57910 | Slime:3  | Lost mutation: You evolve. [potion of mutation]
 57910 | Slime:3  | Lost mutation: Your body sometimes deteriorates upon taking
                  | damage. [potion of mutation]
 57910 | Slime:3  | Gained mutation: You are mostly covered in molten scales.
                  | (AC +3) [potion of mutation]
 57910 | Slime:3  | Gained mutation: You evolve. [potion of mutation]
 57910 | Slime:3  | Gained mutation: You are resistant to hostile enchantments.
                  | (MR+) [potion of mutation]
 58023 | Slime:3  | Received a gift from Okawaru
 58439 | Slime:5  | Entered Level 5 of the Pits of Slime
 58455 | Slime:5  | Gained mutation: Your magical capacity is low. (-10% MP) [a
                  | shining eye]
 58457 | Slime:5  | Gained mutation: You are frail. (-10% HP) [a shining eye]
 58460 | Slime:5  | Gained mutation: You do not regenerate when monsters are
                  | visible. [a shining eye]
 58465 | Slime:5  | Gained mutation: Your spells are a little harder to cast,
                  | but a little more powerful. [a shining eye]
 58467 | Slime:5  | Gained mutation: Your magical capacity is very low. (-20%
                  | MP) [a shining eye]
 58469 | Slime:5  | Gained mutation: You are very frail. (-20% HP) [a shining
                  | eye]
 58486 | Slime:5  | Lost mutation: You are resistant to hostile enchantments.
                  | (MR+) [a shining eye]
 58626 | Slime:5  | Gained mutation: Your body sometimes deteriorates upon
                  | taking damage. [a shining eye]
 58650 | Slime:5  | Gained mutation: You are extremely frail. (-30% HP) [a
                  | shining eye]
 59145 | Slime:5  | Noticed the Royal Jelly
 59174 | Slime:4  | Learned a level 2 spell: Song of Slaying
 59453 | Vaults:1 | Entered Level 1 of the Vaults
 59807 | Vaults:1 | Received a gift from Okawaru
 59904 | Vaults:1 | You fall into a shaft and drop 1 floor!
 60661 | Vaults:2 | Found Azuarimn's Distillery.
 60684 | Vaults:2 | Found Bagrasol's Distillery.
 60701 | Vaults:2 | Bought a potion of mutation for 96 gold pieces
 60701 | Vaults:2 | Bought a potion of mutation for 96 gold pieces
 60701 | Vaults:2 | Lost mutation: You are extremely frail. (-30% HP) [potion
                  | of mutation]
 60701 | Vaults:2 | Lost mutation: You are very frail. (-20% HP) [potion of
                  | mutation]
 60701 | Vaults:2 | Lost mutation: Your body sometimes deteriorates upon taking
                  | damage. [potion of mutation]
 60701 | Vaults:2 | Lost mutation: You do not regenerate when monsters are
                  | visible. [potion of mutation]
 60701 | Vaults:2 | Lost mutation: You can translocate small distances at will.
                  | [potion of mutation]
 60701 | Vaults:2 | Gained mutation: You are covered in fur. (AC +1) [potion of
                  | mutation]
 60702 | Vaults:2 | Lost mutation: You are frail. (-10% HP) [potion of
                  | mutation]
 60702 | Vaults:2 | Lost mutation: You occasionally shout uncontrollably at
                  | your foes. [potion of mutation]
 60702 | Vaults:2 | Lost mutation: Your magical capacity is very low. (-20% MP)
                  | [potion of mutation]
 60702 | Vaults:2 | Gained mutation: You are robust. (+10% HP) [potion of
                  | mutation]
 60702 | Vaults:2 | Gained mutation: You can translocate small distances at
                  | will. [potion of mutation]
 61604 | Vaults:2 | Reached XP level 22. HP: 232/232 MP: 29/29
 61632 | Vaults:2 | Received a gift from Okawaru
 61658 | Vaults:2 | Found Wiuneu's Book Emporium.
 62443 | Vaults:3 | Received a gift from Okawaru
 62589 | Vaults:3 | Found Luorghaju's Magic Scroll Boutique.
 62595 | Vaults:3 | Bought a scroll of acquirement for 936 gold pieces
 62596 | Vaults:3 | Acquired 990 gold pieces
 63289 | Vaults:3 | Found a staircase to the Crypt.
 63289 | Vaults:3 | Found an ancient bone altar of Kikubaaqudgha.
 63290 | Vaults:3 | Found a basalt altar of Yredelemnul.
 63624 | Vaults:3 | Reached skill level 1 in Charms
 63743 | Vaults:3 | Identified the +5 hand axe "Udubb" {vorpal, Str+2 Int+4}
 64245 | Vaults:4 | Found a runed translucent gate.
 64245 | Vaults:4 | Found a runed translucent gate.
 64245 | Vaults:4 | Found a runed translucent gate.
 64294 | Vaults:4 | Reached skill level 5 in Charms
 65028 | Vaults:4 | Noticed Saint Roka
 65040 | Vaults:4 | Killed Saint Roka
 65049 | Vaults:4 | Received a gift from Okawaru
 65252 | Vaults:4 | Received a gift from Okawaru
 65252 | Vaults:4 | Reached skill level 10 in Armour
 65253 | Vaults:4 | Found the +7 pair of quick blades "Gyre" and "Gimble"
                  | {protect}
 65922 | Vaults:4 | Reached XP level 23. HP: 237/243 MP: 30/30
 66426 | Vaults:4 | Noticed Vatovie's ghost (veteran MiFi)
 66464 | Vaults:4 | Received a gift from Okawaru
 66535 | Vaults:4 | Killed Vatovie's ghost
 66800 | Vaults:4 | Got a pair of fine gloves
 66802 | Vaults:4 | Identified the cursed -7 pair of gloves of Qinor {rPois rF-
                  | rC++ Slay+4} (You found it on level 4 of the Vaults)
 66835 | Vaults:5 | Entered Level 5 of the Vaults
 66907 | Vaults:5 | Reached skill level 10 in Charms
 67159 | Vaults:4 | Lost mutation: Your magical capacity is low. (-10% MP)
                  | [evolution]
 67172 | Vaults:5 | Gained mutation: You tend to lose your temper in combat. [a
                  | shining eye]
 67452 | Vaults:5 | Noticed an ancient lich
 67458 | Vaults:5 | Killed an ancient lich
 67757 | Vaults:5 | Received a gift from Okawaru
 67817 | Vaults:5 | Received a gift from Okawaru
 68106 | Vaults:5 | Identified the Incunabulum of Dusty Transmutation
 68122 | Vaults:5 | Identified the Papyrus of Companions
 68130 | Vaults:5 | Got a silver rune of Zot
 68140 | Vaults:5 | Noticed Sojobo
 68149 | Vaults:5 | Received a gift from Okawaru
 68194 | Vaults:5 | Killed Sojobo
 68328 | Vaults:5 | Reached XP level 24. HP: 250/250 MP: 34/34
 69186 | Vaults:5 | Found the +7 Kryia's mail coat {PotionHeal*2 rC+}
 69401 | Vaults:5 | Identified the +8 flail of the Firefly {elec, Str+7 Int+3}
 69406 | Vaults:5 | Received a gift from Okawaru
 69505 | Vaults:5 | Received a gift from Okawaru
 69506 | Vaults:5 | Found Netes's Food Shop.
 69552 | Vaults:5 | Found Daricah's Distillery.
 69557 | Vaults:5 | Bought a potion of heal wounds for 55 gold pieces
 69557 | Vaults:5 | Bought a potion of heal wounds for 55 gold pieces
 69739 | Vaults:5 | Found Fuqukeq's Food Shop.
 70331 | Depths:1 | Killed Kidasekh's ghost
 71048 | Depths:2 | Noticed a juggernaut
 71076 | Depths:2 | Killed a juggernaut
 71114 | Depths:2 | Found a runed translucent door.
 71116 | Depths:2 | Found a runed translucent door.
 71117 | Depths:2 | Found a runed translucent door.
 71126 | Depths:2 | Got a dazzling shortbow
 71127 | Depths:2 | Identified the cursed +1 shortbow of Hourocol {freeze,
                  | *Slow rPois rN+ Str+3} (You found it on level 2 of the
                  | Depths)
 71664 | Depths:3 | Reached skill level 27 in Bows
 71710 | Depths:3 | Noticed the Enchantress
 71739 | Depths:3 | Killed the Enchantress
 71739 | Depths:3 | Received a gift from Okawaru
 71939 | Depths:3 | Found Pism's Distillery.
 71956 | Depths:3 | Found Goiqoqug's Distillery.
 71958 | Depths:3 | Bought a potion of heal wounds for 85 gold pieces
 71967 | Depths:3 | Found Nouts's Jewellery Shoppe.
 72062 | Depths:3 | Noticed a juggernaut
 72076 | Depths:3 | Killed a juggernaut
 72128 | Depths:3 | Bought the ring "Orodihus" {Fire MR+ Str+3} for 746 gold
                  | pieces
 72232 | Depths:3 | Reached XP level 25. HP: 172/268 MP: 34/34
 72573 | Depths:3 | Received a gift from Okawaru
 72608 | Depths:3 | Reached skill level 15 in Invocations
 73116 | Depths:3 | Bought a potion of resistance for 230 gold pieces
 73141 | Depths:3 | Received a gift from Okawaru
 73206 | Depths:3 | Found a one-way gate to the infinite horrors of the Abyss.
 73504 | Depths:3 | Found Ukeogik's Antique Weapon Boutique.
 73738 | Depths:4 | Learned a level 6 spell: Statue Form
 73744 | Depths:4 | Learned a level 5 spell: Aura of Abjuration
 73747 | Depths:4 | Learned a level 2 spell: Shroud of Golubria
 73793 | Depths:4 | Found a gateway to a ziggurat.
 73805 | Depths:4 | Received a gift from Okawaru
 73808 | Depths:4 | Got a smouldering centaur barding {god gift}
 73809 | Depths:4 | Identified the +3 centaur barding of a Labyrinth {rF+}
                  | (Okawaru gifted it to you on level 4 of the Depths)
 73945 | Depths:4 | Reached skill level 1 in Transmutations
 73955 | Depths:4 | Reached skill level 1 in Earth Magic
 75064 | Crypt:1  | Entered Level 1 of the Crypt
 75690 | Hell     | Entered the Vestibule of Hell
 75690 | Hell     | Noticed Geryon
 76029 | Hell     | Killed Geryon
 76788 | Vaults:4 | Got a translucent ring mail {god gift}
 76789 | Vaults:4 | Identified the +2 ring mail of Polish {SInv} (Okawaru
                  | gifted it to you on level 4 of the Vaults)
 77196 | Lair:5   | Got a twisted scale mail
 77197 | Lair:5   | Identified the cursed +0 scale mail of Midnight {Harm rF+}
                  | (You found it on level 5 of the Lair of Beasts)
 77424 | Orc:2    | Bought a jewelled cloak for 323 gold pieces
 77424 | Orc:2    | Identified the +0 cloak of Moral Flaws {Harm *Slow rElec
                  | Dex+4} (You bought it in a shop on level 2 of the Orcish
                  | Mines)
 78422 | D:8      | Killed Grum
 78772 | D:8      | Gained mutation: You have supernaturally acute eyesight.
                  | (SInv) [evolution]
 78775 | D:8      | Found a hazy altar of Hepliaklqana.
 78942 | D:8      | Bought the ring of the Sneaky Knives {rC+ rCorr Str+6} for
                  | 699 gold pieces
 79125 | Snake:2  | Got an ebony longbow {god gift}
 79126 | Snake:2  | Identified the +1 longbow of Okawaru {flame, rN+ MP+9 Str+3
                  | Int+3} (Okawaru gifted it to you on level 2 of the Snake
                  | Pit)
 79481 | Hell     | Lost mutation: You are robust. (+10% HP) [potion of
                  | mutation]
 79481 | Hell     | Lost mutation: You evolve. [potion of mutation]
 79481 | Hell     | Lost mutation: You are mostly covered in molten scales. (AC
                  | +3) [potion of mutation]
 79481 | Hell     | Lost mutation: You have sharp fingernails. [potion of
                  | mutation]
 79481 | Hell     | Gained mutation: Your flesh is cold resistant. (rC+)
                  | [potion of mutation]
 79518 | Depths:3 | Bought 2 potions of mutation for 368 gold pieces
 79518 | Depths:3 | Lost mutation: Your spells are a little harder to cast, but
                  | a little more powerful. [potion of mutation]
 79518 | Depths:3 | Lost mutation: You are partially covered in molten scales.
                  | (AC +2) [potion of mutation]
 79518 | Depths:3 | Gained mutation: Your magical capacity is low. (-10% MP)
                  | [potion of mutation]
 79518 | Depths:3 | Gained mutation: You are partially covered in yellow
                  | scales. (AC +2) [potion of mutation]
 79518 | Depths:3 | Gained mutation: You passively map a small area around you.
                  | [potion of mutation]
 79518 | Depths:3 | Gained mutation: You are partially covered in icy blue
                  | scales. (AC +2) [potion of mutation]
 79519 | Depths:3 | Lost mutation: Your magical capacity is low. (-10% MP)
                  | [potion of mutation]
 79519 | Depths:3 | Lost mutation: You passively map a small area around you.
                  | [potion of mutation]
 79519 | Depths:3 | Gained mutation: You are partially covered in thin metallic
                  | scales. (AC +2) [potion of mutation]
 79599 | Hell     | Found a gateway to the freezing wastes of Cocytus.
 79664 | Hell     | Found a gateway to the Iron City of Dis.
 79753 | Hell     | Reached skill level 5 in Transmutations
 79753 | Hell     | Reached skill level 5 in Earth Magic
 79812 | Hell     | Found a gateway to the ashen valley of Gehenna.
 79995 | Hell     | Found a gateway to the decaying netherworld of Tartarus.
 80261 | Coc:1    | Entered Level 1 of Cocytus
 80303 | Dis:1    | Entered Level 1 of the Iron City of Dis
 80358 | Geh:1    | Entered Level 1 of Gehenna
 81085 | Geh:2    | Received a gift from Okawaru
 81827 | Geh:1    | Received a gift from Okawaru
 82003 | Geh:3    | Reached XP level 26. HP: 188/254 MP: 26/34
 82032 | Geh:3    | Received a gift from Okawaru
 82236 | Geh:4    | Received a gift from Okawaru
 82253 | Geh:4    | Identified the +3 crystal plate armour of Hubris {rPois
                  | MR+++ Slay-4 Stlth+} (Okawaru gifted it to you on level 4
                  | of Gehenna)
 83401 | Slime:5  | Paralysed by a floating eye for 4 turns
 83449 | Slime:5  | Gained mutation: You are frail. (-10% HP) [a shining eye]
 83583 | Slime:5  | Killed the Royal Jelly
 85059 | Slime:5  | Got a slimy rune of Zot
 85083 | Slime:5  | Got a slimy gossamer ring
 85092 | Slime:5  | Identified Jiudoga's Papyrus of Air and Envenoming
 85127 | Slime:5  | Identified the ring of Jofism {Str+4 Stlth+} (You found it
                  | on level 5 of the Pits of Slime)
 85193 | Slime:5  | Acquired a manual of Polearms
 85194 | Slime:5  | Acquired 1890 gold pieces
 85195 | Slime:5  | Acquired the +2 helmet "Aqaof" {MR+ Int+6}
 85783 | Depths:5 | Entered Level 5 of the Depths
 86262 | Depths:5 | Reached skill level 15 in Dodging
 86873 | Depths:5 | Noticed a juggernaut
 86898 | Depths:5 | Killed a juggernaut
 86898 | Depths:5 | Received a gift from Okawaru
 87536 | Depths:5 | Received a gift from Okawaru
 87959 | Depths:5 | Found a gate to the Realm of Zot.
 88010 | Depths:5 | Reached XP level 27. HP: 234/239 MP: 34/34
 88179 | Depths:5 | Received a gift from Okawaru
 89340 | Depths:4 | Voluntarily entered the Abyss.
 89942 | Abyss:1  | Found a snail-covered altar of Cheibriados.
 89954 | Abyss:1  | Found a snail-covered altar of Cheibriados.
 90813 | Abyss:2  | Gained mutation: You are very frail. (-20% HP) [a neqoxec]
 91065 | Abyss:3  | Received a gift from Okawaru
 91389 | Abyss:4  | Found an ornate altar of the Wu Jian Council.
 91816 | Abyss:4  | Got an abyssal rune of Zot
 91847 | Abyss:4  | Gained mutation: You are clumsy. (Dex -2) [a neqoxec]
 91855 | Abyss:4  | Noticed an ancient lich
 92170 | Depths:4 | Escaped the Abyss
 93184 | Geh:3    | Received a gift from Okawaru
 93405 | Geh:4    | You fall into a shaft and drop 2 floors!
 95998 | Vaults:2 | Bought a book of Debilitation for 520 gold pieces
 96002 | Vaults:2 | Learned a level 3 spell: Portal Projectile
 96214 | Elf:3    | Bought the +10 zealot's sword {holy, *Rage rN+ EV+3} for
                  | 2951 gold pieces
 96214 | Elf:3    | Found the +10 zealot's sword {holy, *Rage rN+ EV+3}
 96721 | Vaults:3 | Lost mutation: You can translocate small distances at will.
                  | [mutagenic glow]
 97032 | Depths:4 | Voluntarily entered the Abyss.
 97054 | Abyss:1  | Reached skill level 1 in Long Blades
 97062 | Abyss:1  | Reached skill level 1 in Hexes
 97062 | Abyss:1  | Reached skill level 1 in Translocations
 97271 | Abyss:1  | Found a corrupted altar of Lugonu.
 97320 | Abyss:1  | Received a gift from Okawaru
 97347 | Abyss:1  | Found a corrupted altar of Lugonu.
 97631 | Abyss:2  | Found a corrupted altar of Lugonu.
 97829 | Abyss:2  | Received a gift from Okawaru
 97899 | Abyss:3  | Found a corrupted altar of Lugonu.
 98015 | Abyss:3  | Reached skill level 5 in Long Blades
 98146 | Abyss:3  | Received a gift from Okawaru
 98602 | Abyss:5  | Entered Level 5 of the Abyss
 98714 | Abyss:5  | Received a gift from Okawaru
 98768 | Abyss:5  | Reached skill level 5 in Hexes
 98768 | Abyss:5  | Reached skill level 5 in Translocations
 98990 | Abyss:5  | Paralysed by accursed screaming for 1 turns
 99130 | Depths:4 | Escaped the Abyss
 99414 | Depths:4 | Voluntarily entered the Abyss.
 99421 | Abyss:1  | Found a corrupted altar of Lugonu.
 99441 | Abyss:1  | Reached skill level 1 in Shields
 99472 | Abyss:1  | Found a corrupted altar of Lugonu.
 99484 | Abyss:1  | Lost mutation: You are partially covered in icy blue
                  | scales. (AC +2) [a cacodemon]
 99485 | Abyss:1  | Paralysed by accursed screaming for 1 turns
 99491 | Depths:4 | Escaped the Abyss
 99906 | Depths:4 | Voluntarily entered the Abyss.
100288 | Abyss:1  | Received a gift from Okawaru
101376 | Abyss:3  | Paralysed by you for 5 turns
101534 | Depths:4 | Escaped the Abyss
102783 | Depths:4 | Voluntarily entered the Abyss.
103146 | Abyss:1  | Received a gift from Okawaru
103181 | Abyss:1  | Identified the amulet "Ynavea" {RegenMP Fragile rN++ MR+}
103357 | Abyss:1  | Received a gift from Okawaru
103412 | Depths:4 | Escaped the Abyss
103498 | Depths:3 | Bought a potion of mutation for 184 gold pieces
103500 | Depths:3 | Lost mutation: You are clumsy. (Dex -2) [potion of
                  | mutation]
103500 | Depths:3 | Lost mutation: You have supernaturally acute eyesight.
                  | (SInv) [potion of mutation]
103500 | Depths:3 | Gained mutation: You are agile. (Dex +2) [potion of
                  | mutation]
103500 | Depths:3 | Gained mutation: You have a pair of small horns on your
                  | head. [potion of mutation]
103803 | Vaults:4 | Lost mutation: Your flesh is cold resistant. (rC+) [potion
                  | of mutation]
103803 | Vaults:4 | Lost mutation: You are agile. (Dex +2) [potion of mutation]
103803 | Vaults:4 | Lost mutation: You are covered in fur. (AC +1) [potion of
                  | mutation]
103803 | Vaults:4 | Gained mutation: You expend magic power (3 MP) to
                  | strengthen your wands. [potion of mutation]
103855 | Vaults:5 | Bought a potion of mutation for 88 gold pieces
103856 | Vaults:5 | Lost mutation: You are very frail. (-20% HP) [potion of
                  | mutation]
103856 | Vaults:5 | Lost mutation: You are frail. (-10% HP) [potion of
                  | mutation]
103856 | Vaults:5 | Lost mutation: You have a pair of small horns on your head.
                  | [potion of mutation]
103856 | Vaults:5 | Gained mutation: Your movements are slightly less
                  | encumbered by armour. (ER -2) [potion of mutation]
103856 | Vaults:5 | Gained mutation: You are robust. (+10% HP) [potion of
                  | mutation]
104382 | Depths:4 | Voluntarily entered the Abyss.
104814 | Abyss:1  | Gained mutation: Scrolls take you a little longer to read.
                  | [a neqoxec]
105019 | Abyss:2  | Gained mutation: You are weak. (Str -2) [a neqoxec]
105033 | Abyss:2  | Gained mutation: Your spells are a little easier to cast,
                  | but a little less powerful. [a neqoxec]
105079 | Abyss:2  | Gained mutation: Scrolls take you longer to read. [a
                  | neqoxec]
105083 | Abyss:2  | Gained mutation: You are clumsy. (Dex -2) [a neqoxec]
105166 | Depths:4 | Escaped the Abyss
105381 | Depths:4 | Voluntarily entered the Abyss.
105477 | Abyss:1  | Reached skill level 10 in Hexes
105532 | Abyss:1  | Received a gift from Okawaru
105532 | Abyss:1  | Reached skill level 10 in Translocations
105752 | Abyss:1  | Received a gift from Okawaru
106360 | Abyss:3  | Found a corrupted altar of Lugonu.
106899 | Depths:4 | Escaped the Abyss
107716 | Coc:2    | Reached skill level 10 in Long Blades
108414 | Pan      | Entered Pandemonium
108416 | Pan      | Noticed Mennas
108450 | Pan      | Killed Mennas
109402 | Pan      | Received a gift from Okawaru
109773 | Pan      | Noticed Rosan the pandemonium lord
109785 | Pan      | Killed Rosan the pandemonium lord
109855 | Pan      | Lost mutation: You are robust. (+10% HP) [a cacodemon]
110557 | Pan      | Noticed Veireqooxo the pandemonium lord
110598 | Pan      | Killed Veireqooxo the pandemonium lord
111254 | Pan      | Received a gift from Okawaru
112411 | Pan      | Received a gift from Okawaru
113044 | Pan      | Received a gift from Okawaru
113839 | Pan      | Received a gift from Okawaru
113839 | Pan      | Reached skill level 15 in Long Blades
114420 | Pan      | Reached skill level 5 in Shields
114489 | Pan      | Identified the cursed +0 glaive "Beastslayer" {vorpal, rN+
                  | SInv} (You found it in Pandemonium)
115563 | Pan      | Got a transparent tin amulet
115566 | Pan      | Identified the amulet of Gurog {RegenMP rPois rC- Int+6}
                  | (You found it in Pandemonium)
115605 | Pan      | Noticed Xiffofuh the pandemonium lord
115619 | Pan      | HP: 3/271 [Xiffofuh the pandemonium lord (28)]
115647 | Pan      | Entered the realm of Lom Lobon.
116865 | Pan      | Noticed Lom Lobon
116922 | Pan      | Killed Lom Lobon
117450 | Pan      | Got a magical rune of Zot
117674 | Pan      | Reached skill level 10 in Shields
117683 | Pan      | Received a gift from Okawaru
118416 | Pan      | Received a gift from Okawaru
118419 | Pan      | Got a masterwork cloak {god gift}
118422 | Pan      | Identified the +0 cloak of Cowardice {*Corrode +Inv +Fly}
                  | (Okawaru gifted it to you in Pandemonium)
118508 | Pan      | Reached skill level 27 in Fighting
119120 | Pan      | Entered the realm of Cerebov.
120469 | Pan      | Got a clouded iron ring
120834 | Pan      | Got a brightly glowing graven amulet
120837 | Pan      | Identified the amulet of the Heron {Inacc MR+} (You found
                  | it in Pandemonium)
120841 | Pan      | Identified the cursed ring of Apty {EV-4 Slay+5} (You found
                  | it in Pandemonium)
120949 | Pan      | Identified the +6 sword of Cerebov {flame}
120949 | Pan      | Noticed Cerebov
121166 | Pan      | Killed Cerebov
121721 | Pan      | Identified the Disquisition on Curses and Translocation
121747 | Pan      | Got a fiery rune of Zot
122311 | Pan      | Received a gift from Okawaru
122411 | Pan      | Got a warped centaur barding {god gift}
122422 | Pan      | Identified the +6 centaur barding "Ulyter" {+Blink rN+++
                  | Int+3 Stlth-} (Okawaru gifted it to you in Pandemonium)
122460 | Pan      | Found an exit through the horrors of the Abyss.
124125 | Pan      | Noticed Gokk the pandemonium lord
124185 | Pan      | Paralysed by a floating eye for 3 turns
124416 | Pan      | Found an exit through the horrors of the Abyss.
124451 | Pan      | Took an exit into the Abyss.
124451 | Abyss:1  | Escaped into the Abyss
124845 | Depths:1 | Escaped the Abyss
124912 | Depths:3 | Bought a potion of haste for 170 gold pieces
125160 | Orc:2    | Bought a metallic emerald potion for 30 gold pieces
125172 | Orc:2    | Bought the +8 trident "Loheurad" {vamp, rF+ Str-3 Int+7}
                  | for 729 gold pieces
125391 | Temple   | Entered the Ecumenical Temple
125471 | Temple   | Fell from the grace of Okawaru
125471 | Temple   | Became a worshipper of the Shining One
125721 | Pan      | Entered Pandemonium
125757 | Pan      | Reached * piety under the Shining One
125763 | Pan      | Reached skill level 10 in Evocations
125995 | Pan      | Reached ** piety under the Shining One
126525 | Pan      | Noticed Huluopp the pandemonium lord
126525 | Pan      | Reached *** piety under the Shining One
126578 | Pan      | Paralysed by a floating eye for 3 turns
126582 | Pan      | Killed Huluopp the pandemonium lord
127089 | Pan      | Reached **** piety under the Shining One
127242 | Pan      | Reached ***** piety under the Shining One
127435 | Pan      | Entered the realm of Mnoleg.
127455 | Pan      | Gained mutation: You are very weak. (Str -4) [a cacodemon]
127457 | Pan      | Gained mutation: You often lose your temper in combat. [a
                  | cacodemon]
127459 | Pan      | Gained mutation: Your spells are easier to cast, but less
                  | powerful. [a cacodemon]
127477 | Pan      | Reached skill level 1 in Polearms
127488 | Pan      | Gained mutation: Scrolls take you much longer to read. [a
                  | cacodemon]
127776 | Pan      | Gained mutation: Your spells are much easier to cast, but
                  | much less powerful. [a cacodemon]
127901 | Pan      | Reached ****** piety under the Shining One
127957 | Pan      | Reached skill level 5 in Polearms
127959 | Pan      | Reached skill level 15 in Shields
127988 | Pan      | Gained mutation: You are very clumsy. (Dex -4) [a neqoxec]
128090 | Pan      | Paralysed by a floating eye for 2 turns
128095 | Pan      | Gained mutation: Your magical capacity is low. (-10% MP) [a
                  | neqoxec]
128095 | Pan      | Paralysed by a floating eye for 4 turns
128316 | Pan      | Noticed Mnoleg
128329 | Pan      | Paralysed by a floating eye for 2 turns
128348 | Pan      | Paralysed by a floating eye for 3 turns
128355 | Pan      | Paralysed by a floating eye for 2 turns
128357 | Pan      | HP: 10/409 [tentacled monstrosity[Mnoleg] (17)]
128357 | Pan      | The Shining One protects you from harm!
128358 | Pan      | HP: 2/409 [tentacled monstrosity[Mnoleg] (8)]
128358 | Pan      | Slain by a tentacled monstrosity

Illustrated notes

Levels and vault maps discovered:
D:1:      erik_arrival_triangle_huge, layout_loops_corners
D:2:      layout_rooms
D:3:      layout_rooms, okawaru_metal_pillars_1_2, nicolae_ru_awakened_eye,
          kennysheep_generic_room_10, uniq_terence, uniq_crazy_yiuf_cottage,
          uniq_grinder
D:4:      kennysheep_goblin_castle, layout_basic, marbit_many_paths,
          first_ration, minmay_misc_feat_nine_boxes, grunt_ministairs_13,
          uniq_natasha, uniq_edmund, uniq_robin, uniq_pikel
D:5:      layout_basic, gammafunk_temple_overflow_elements, serial_bayou_lake_a
D:6:      layout_layer_cave, grunt_qazlal_clouds, lemuel_crystal_altar,
          temple_doors_e, grunt_ministairs_12, minmay_misc_feat_five,
          nemelex_dance_club_becter
D:7:      layout_basic, uniq_joseph, uniq_prince_ribbit1, uniq_menkaure
D:8:      layout_loops_ring, lemuel_doored_altar, serial_shops,
          nicolae_shop_stone, uniq_grum
D:9:      layout_long_grid, kennysheep_little_box, makhleb_grotto_becter,
          lemuel_coloured_pillars_altar, fedhas_altar_1, trog_ov_bears_minmay
D:10:     layout_irregular_city
D:11:     layout_loops_ring, lair_entry_dummy, orc_david_3, grunt_livestock
D:12:     minmay_firetagon, layout_basic
D:13:     layout_roguey, david_vaults_2, minivault_16, roderic_st_hans_cross,
          minmay_misc_feat_secret_circle
D:14:     layout_rooms, hangedman_decor_peaks_small, enter_trove_6, uniq_snorg
D:15:     grunt_enter_depths_snipers, layout_irregular_city
Temple:   dpeg_three_leaves_temple
Lair:1:   layout_roguey, serial_bayou_pond_e, st_stairs_9, lemuel_fruit_fields
Lair:2:   layout_regular_city, grunt_megastairs_5, uniq_gastronok, uniq_maggie
Lair:3:   layout_long_grid, swamp_mist_pool, minmay_lair_oklob_chamber
Lair:4:   layout_misc_corridors, guppyfry_snake_entry_island,
          nicolae_volcano_entry_vermiform, chequers_serial_rivers_room_a,
          beast_lair_carwin_10
Lair:5:   layout_regular_city, kennysheep_snail_temple, uniq_josephine
Lair:6:   grunt_lair_end_beastmaster, layout_gridlike, slime_altar_1,
          st_stairs_10
Swamp:1:  layout_basic_swamp, basic_altar
Swamp:2:  layout_falls_marsh, nicolae_swamp_dense_foliage
Swamp:3:  layout_basic_swamp, evilmike_swamp_ruin_house_1,
          nicolae_swamp_trees_clearing, uniq_bai_suzhen
Swamp:4:  swamp_basic_johnstein, layout_basic_swamp, swamp_pool3
Snake:1:  layout_chambers, guppyfry_snake_island, serial_bayou_shore_b,
          uniq_nikola, uniq_aizul
Snake:2:  cheibrodos_toxic_ritual, layout_cave_pods, basic_altar, uniq_vashnia
Snake:3:  onia_ninara_swampy_vault, layout_misc_corridors, basic_altar,
          drop_trap, serial_bayou_shore_b, uniq_kirke, uniq_asterion
Snake:4:  minmay_snake_end_coiled, layout_cave_town, nicolae_large_snake_swirl
Slime:1:  layout_caves
Slime:2:  layout_caves
Slime:3:  layout_caves, uniq_dissolution
Slime:4:  layout_caves
Slime:5
Orc:1:    layout_caves
Orc:2:    st_orc_elflike, layout_diamond_mine, ebering_ghost_gozag
Elf:1:    elf_arrival_002, layout_geoelf_octagon, serial_shops,
          nicolae_shop_trees, hangedman_elven_crosses_minicolossus, uniq_agnes
Elf:2:    layout_loops_ring, hex_large
Elf:3:    minmay_elf_hall_four_x, layout_geoelf_diagonals, basic_altar,
          serial_shops, nicolae_shop_waterfront,
          nicolae_shop_overgrown_old_shop, shop_fountains,
          nicolae_shop_waterfront, nicolae_shop_statue_plus
Vaults:1: ontoclasm_vaults_spin, vaults_room_boxed, hangedman_vaults_maws,
          hangedman_vaults_stagger, nicolae_vaults_network_barrier, v_rooms_5,
          ontoclasm_vaults_pinch, vaults_room_stairs_pillars, v_misc_23,
          vaults_room_pool, vaults_room_grid, nicolae_vaults_little_squares_4,
          nicolae_vaults_circle_grid_b, nicolae_vaults_theta, layout_vaults_ring
Vaults:2: hangedman_vaults_slither, v_misc_16, v_misc_15,
          vaults_standard_mumra_lines, nicolae_vaults_little_squares_3,
          ontoclasm_vaults_gateway, v_alt_pattern_6,
          nicolae_vaults_ring_of_whatevers, vaults_room_ringed_pool,
          vaults_room_grunt_arrival_checkpoint, ontoclasm_vaults_chip,
          layout_vaults_chaotic_city, serial_shops, shop_fountains,
          nicolae_shop_temple_entry_statues_fountains, shop
Vaults:3: v_pattern_5, minmay_crypt_entry_necro_gods, hangedman_vaults_corner,
          hangedman_vaults_capsules, v_misc_33, grunt_vaults_funnel, v_misc_30,
          vaults_room_hangedman_quadrants, layout_vaults_omnibox, serial_shops,
          shop
Vaults:4: gammafunk_vaults_ghost_tricky_traps, v_misc_28,
          vaults_mumra_minichess, hangedman_vaults_nodes,
          nicolae_vaults_windows_and_doors_thing, ontoclasm_vaults_twist,
          v_misc_13, nicolae_vaults_little_squares_4,
          vaults_room_stairs_pillars, grunt_vaults_focal, vaults_room_hallway,
          v_misc_11, vaults_room_hallway, layout_vaults_quadrants,
          uniq_saint_roka
Vaults:5: serial_shops, uniq_sojobo
Crypt:1:  layout_basic, minivault_24
Depths:1: layout_cave_pools, cheibriados_altar_1, hangedman_coc_ice_floe,
          ebering_ghost_disaster_area, pan_entry, nicolae_blasting_shop,
          minmay_misc_feat_cross, nzn_random_ring
Depths:2: minmay_the_grid_triangle_9x9_recursive_3_mashed
          [minmay_the_grid_triangle_9x9_swiss_cheese,
          minmay_the_grid_triangle_9x9_wacky_v,
          minmay_the_grid_triangle_9x9_dagger,
          minmay_the_grid_triangle_9x9_prize_top_heavy,
          minmay_the_grid_triangle_9x9_fully_insulated_deathbox,
          minmay_the_grid_triangle_9x9_zippers_vertical,
          minmay_the_grid_triangle_9x9_corrupted_corridor,
          minmay_the_grid_triangle_9x9_zippers_horizontal,
          minmay_the_grid_triangle_9x9_thin_v], layout_twisted_cross,
          grunt_metal_band, chequers_serial_rivers_room_a, tso_metal_star,
          infiniplex_staircase_pool_2, serial_bayou_shore_b
Depths:3: minmay_complete_graph, layout_cave_pools, grunt_hell_entry_dis_grunt,
          serial_shops, nicolae_shop_temple_entry_statues_fountains,
          nicolae_shop_crystal, shop, shop, abyss_entry_glasseish, pan_entry,
          infiniplex_staircase_spiral, uniq_enchantress
Depths:4: minmay_skeletal_surprise, layout_long_grid, enter_ziggurat_f,
          minmay_room_of_horrors, pf_dread_powers_of_hell,
          grunt_pan_entry_zigzag
Depths:5: lemuel_castle_with_subvaults [lemuel_castle_interior_carwin_3],
          layout_basic, rand_demon_pan_entry_1, hell_entry
Hell
Dis:1:    layout_gridville
Geh:1:    layout_gehenna_lava_caves
Geh:2:    layout_gehenna_lava_caves
Geh:3:    layout_gehenna_lava_caves
Geh:4:    layout_gehenna_lava_caves
Geh:6:    layout_gehenna_lava_caves, lemuel_elevator
Coc:1:    layout_ice_bergs
Coc:2:    layout_ice_bergs, serial_ice
Pan:      evilmike_mini_pan_thingy, layout_gridlike, uniq_mennas_pan,
          nicolae_pan_sick_transit, nicolae_pan_sigil_eeng,
          nicolae_pan_mnolegish_5, evilmike_mini_pan_possible_glass,
          layout_onion_city, nicolae_pan_cerebovesque_1,
          nicolae_pan_sigil_uleosi, grunt_pan_in_and_out, layout_irregular_city,
          grunt_pan_spiral, layout_small_grid, evilmike_mini_pan_thingy,
          layout_stronghold, pan_blood_fountain, evilmike_mini_pan_pillars,
          layout_basic, evilmike_mini_pan_V, layout_grid_shapes,
          lom_lobon_spiral_st, layout_long_grid, cerebov_st,
          layout_pan_divisions_b [pan_division_quadrant_b3,
          pan_division_quadrant_b6, pan_division_quadrant_b6,
          pan_division_quadrant_b4], evilmike_mini_pan_3x3,
          layout_irregular_city, pan_blood_fountain_small, grunt_pan_spiral,
          layout_gridlike, pan_blood_fountain, nicolae_pan_cerebovesque_2,
          evilmike_mini_pan_possible_glass, layout_grid_shapes,
          nicolae_pan_sigil_nadil, evilmike_mnoleg_eyes, layout_cross

Skill      XL: |  1  2  3  4  5  6  7  8  9 10 11 12 13 14 15 16 17 18 19 20 21 22 23 24 25 26 27 |
---------------+----------------------------------------------------------------------------------+-----
Bows           | 6 7 8 9 10 11 12 13 15 16 17 19 20 21 23 25 26 27 | 27.0
Fighting       | 3 4 6 7 8 9 10 12 13 14 15 16 17 19 20 21 23 24 25 27 | 27.0
Invocations    | 1 4 7 8 10 11 13 14 15 17 | 17.1
Short Blades   | 2 |  2.4
Maces & Flails | 4 7 9 |  9.0
Dodging        | 3 5 7 8 9 10 11 13 15 18 | 18.1
Armour         | 2 3 6 8 9 10 11 13 | 13.0
Evocations     | 5 8 9 10 | 10.1
Charms         | 8 13 | 13.2
Transmutations | 7 |  7.2
Earth Magic    | 7 |  7.2
Long Blades    | 15 | 15.1
Hexes          | 11 | 11.4
Translocations | 11 | 11.4
Shields        | 15 | 15.0
Polearms       | 9 |  9.0
Stealth        | |  0.4

Action                   |  1- 3 |  4- 6 |  7- 9 | 10-12 | 13-15 | 16-18 | 19-21 | 22-24 | 25-27 || total
-------------------------+-------+-------+-------+-------+-------+-------+-------+-------+-------++-------
Melee: Short sword       |   102 |    31 |       |       |       |       |       |       |       ||   133
       Kick              |    25 |    12 |     8 |    19 |     1 |     1 |       |       |   529 ||   595
       Quarterstaff      |    23 |    30 |       |       |       |       |       |       |       ||    53
       Whip              |       |       |    46 |    58 |       |       |       |       |       ||   104
       Longbow           |       |       |       |       |     3 |     2 |       |       |     9 ||    14
       Eudemon blade     |       |       |       |       |       |       |       |       |  1133 ||  1133
 Fire: Shortbow          |       |    82 |   404 |   944 |    84 |       |       |       |    95 ||  1609
       Longbow           |       |       |       |       |  1141 |  1400 |  2055 |  1888 |  5797 || 12281
 Cast: Song of Slaying   |       |       |       |       |       |       |       |     1 |    33 ||    34
       Portal Projectile |       |       |       |       |       |       |       |       |   137 ||   137
Invok: Heroism           |       |       |       |    11 |    18 |    28 |    37 |    10 |    53 ||   157
       Finesse           |       |       |       |     5 |     6 |    15 |    21 |     9 |    21 ||    77
       Cleansing Flame   |       |       |       |       |       |       |       |       |     6 ||     6
       Divine Shield     |       |       |       |       |       |       |       |       |     3 ||     3
       Summon Divine War |       |       |       |       |       |       |       |       |     1 ||     1
 Abil: Blink             |       |       |       |       |       |       |     3 |       |     2 ||     5
       Evoke Blink       |       |       |       |       |       |       |       |       |     2 ||     2
Evoke: Wand              |       |       |       |     6 |       |       |       |       |    12 ||    18
  Use: Scroll            |     4 |     7 |     7 |     9 |     9 |    13 |    10 |     8 |    36 ||   103
       Potion            |       |     1 |     2 |     1 |     3 |    22 |    10 |       |    35 ||    74
  Eat: Chunk             |     2 |     2 |    13 |    21 |    25 |    14 |    19 |    17 |    16 ||   129
       Ration            |       |     1 |       |     1 |     1 |     8 |     5 |     2 |    45 ||    63
Armor: Leather armour    |    70 |    23 |    31 |    96 |       |       |       |       |       ||   220
       Skin              |       |    16 |       |       |       |       |       |       |    41 ||    57
       Acid dragon scale |       |       |       |    14 |   157 |   127 |       |       |       ||   298
       Chain mail        |       |       |       |       |       |    92 |   204 |   228 |   533 ||  1057
       Gold dragon scale |       |       |       |       |       |       |       |       |   833 ||   833
Dodge: Dodged            |    80 |    50 |    70 |   133 |   212 |   292 |   173 |   173 |  1274 ||  2457
Block: Other             |       |       |       |       |       |       |    54 |    62 |   344 ||   460
       Reflection        |       |       |       |       |       |       |     7 |    12 |    28 ||    47
       Kite shield       |       |       |       |       |       |       |       |       |   638 ||   638
       Rpst.: Eudemon blade |       |       |       |       |       |       |       |       |    80 ||    80
